 Dungeon Crawl Stone Soup version 0.21.1-1-g345015f (webtiles) character file.

76 Monsterracer the Magician (level 4, -1/33 HPs)
             Began as a Draconian Wizard on Mar 9, 2018.
             Splashed by a jelly's acid (7 damage)
             ... on level 3 of the Dungeon.
             The game lasted 00:03:01 (2469 turns).

Monsterracer the Magician (Draconian Wizard)        Turns: 2469, Time: 00:03:02

Health: -1/33      AC: -3    Str:  9    XL:     4   Next: 12%
Magic:  5/9        EV: 12    Int: 23    God:
Gold:   177        SH:  0    Dex:  9    Spells: 0/9 levels left

rFire    . . .     SeeInvis .   d - +1 short sword (drain)
rCold    . . .     Gourm    .   (no shield)
rNeg     . . .     Faith    .   (armour unavailable)
rPois    .         Spirit   .   a - +0 hat
rElec    .         Reflect  .   (no cloak)
rCorr    .         Harm     .   (no gloves)
MR       .....                  (no boots)
Stlth    ++........             (no amulet)
HPRegen  0.11/turn              h - +3 ring of intelligence
MPRegen  0.11/turn              (no ring)

@: corroded
A: unfitting armour, cold-blooded, AC +5
a: no special abilities


You were on level 3 of the Dungeon.
You were not hungry.

You visited 1 branch of the dungeon, and saw 3 of its levels.

You collected 177 gold pieces.

Inventory:

Hand Weapons
 d - a +1 short sword of draining (weapon)
Armour
 a - a +0 hat (worn)
Jewellery
 h - a +3 ring of intelligence (left hand)
Wands
 n - a wand of polymorph (12)
 o - a wand of clouds (4)
Scrolls
 e - 4 scrolls of remove curse {unknown}
 f - a scroll of magic mapping {unknown}
 g - a scroll of identify {unknown}
 i - a scroll of fog {unknown}
 m - a scroll of blinking {unknown}
Potions
 j - 2 potions of agility {unknown}
 k - a potion of lignification {unknown}
 l - 2 potions of curing {unknown}
Comestibles
 b - 3 chunks of flesh
 c - 3 rations


   Skills:
 - Level 2.3 Dodging
 - Level 2.3 Stealth
 - Level 3.3 Spellcasting
 + Level 2.8 Conjurations
   Level 1.0 Summonings
 - Level 1.0 Translocations


You couldn't memorise any spells.
You knew the following spells:

 Your Spells              Type           Power        Failure   Level  Hunger
a - Magic Dart            Conj           ###.         3%          1    None
b - Conjure Flame         Conj/Fire      ##......     19%         3    ###....
c - Mephitic Cloud        Conj/Pois/Air  #.......     22%         3    ###....
e - Blink                 Tloc           N/A          11%         2    ##.....


Dungeon Overview and Level Annotations

Branches:
Dungeon (3/15)

Altars:
Ashenzari


Innate Abilities, Weirdness & Mutations

Your plain brown scales are hard. (AC +5)
You cannot fit into any form of body armour.
You are cold-blooded and may be slowed by cold attacks.


Message History

The magic dart hits the orc.
The orc is heavily wounded.
The orc hits you with a dagger.
You take 1 damage, and have 31/33 hp.
You now have 4/9 mp.
Casting: Magic Dart
Confirm with . or Enter, or press ? or * to list all spells.
Aiming: Magic Dart
Press: ? - help, Shift-Dir - straight line, f/p - orc
Aim: an orc, wielding a dagger (heavily wounded)
You miscast Magic Dart.
You are very lightly contaminated with residual magic.
Nothing appears to happen.
The orc closely misses you.
You now have 3/9 mp.
Casting: Magic Dart
Confirm with . or Enter, or press ? or * to list all spells.
Aiming: Magic Dart
Press: ? - help, Shift-Dir - straight line, f/p - orc
Aim: an orc, wielding a dagger (heavily wounded)
The magic dart hits the orc.
The orc is almost dead.
The orc closely misses you.
You now have 2/9 mp.
Unknown command.
An orc is nearby!
You completely miss the orc.
The orc is almost dead.
The orc closely misses you.
Unknown command.
An orc is nearby!
You barely miss the orc.
The orc is almost dead.
The orc misses you.
You hit the orc.
You kill the orc!
Your magical contamination has completely faded away.
Key pressed, stopping explore.
No target in view!
Health restored: 33 You regained 3 mp, and now have 6/9 mp.
Items here: ))) [ †† MP restored: 9 You open the door.
There is an open door here.
You are feeling hungry.
There is an open door here.
You butcher the orc corpse.
b - a chunk of flesh You butcher the orc corpse.
b - 4 chunks of flesh (gained 3)
Items here: ))) [ ÷ a dagger; a hand axe; a leather armour; a flail; an orc skeleton
Items here: ))) [ ÷ a dagger; a hand axe; a leather armour; a flail; an orc skeleton Eating one of 4 chunks of flesh.
You eat one of the 4 chunks of flesh.
This raw flesh tastes terrible.
As you open the door, it creaks loudly!
There is an open door here.
A jelly comes into view.
A jelly is nearby!
Casting: Magic Dart
Confirm with . or Enter, or press ? or * to list all spells.
Aiming: Magic Dart
Press: ? - help, Shift-Dir - straight line, f - jelly
Aim: a jelly (hasn't noticed you)
The magic dart hits the jelly.
The jelly is lightly wounded.
You now have 8/9 mp.
Casting: Magic Dart
Confirm with . or Enter, or press ? or * to list all spells.
Aiming: Magic Dart
Press: ? - help, Shift-Dir - straight line, f/p - jelly
Aim: a jelly (lightly wounded)
The magic dart hits the jelly.
The jelly is moderately wounded.
The jelly hits you. The acid corrodes you!
You are splashed with acid!
The acid burns!
You take 12 damage, and have 21/33 hp.
MASSIVE DAMAGE!!
You now have 7/9 mp.
Casting: Magic Dart
Confirm with . or Enter, or press ? or * to list all spells.
Aiming: Magic Dart
Press: ? - help, Shift-Dir - straight line, f/p - jelly
Aim: a jelly (moderately wounded)
The magic dart hits the jelly.
The jelly is moderately wounded.
The jelly hits you.
You are splashed with acid!
The acid burns!
* * * LOW HITPOINT WARNING * * *
You take 12 damage, and have 9/33 hp.
MASSIVE DAMAGE!!
You now have 6/9 mp.
Casting: Magic Dart
Confirm with . or Enter, or press ? or * to list all spells.
Aiming: Magic Dart
Press: ? - help, Shift-Dir - straight line, f/p - jelly
Aim: a jelly (moderately wounded)
The magic dart hits the jelly.
The jelly is heavily wounded.
The jelly hits you.
* * * LOW HITPOINT WARNING * * *
The acid corrodes you!
You are splashed with acid!
The acid burns!
You die...

.######.#...##.....###### # ....#
#.#.####..........# #
###.###.#.#........####.#########
#.........##.#...# #..........
#######.#.####.#...##############
...............##..##...#
#######..#.........##.#.# #
#..#.#####J:....#.#
#######..#.#...#@#..###.#
##.......#.#.#)#.#..###.#
#....###.#.#.#.#'#...##.#
#.......)#...#.......##.#
#.....########......>...#
#..........# #.....######
#....#####.# #.....# #....# #.#
#.....# #....# #.# #.#'###


You could see a jelly.

Vanquished Creatures
  An adder (D:3)
  2 worms (D:2)
  A dart slug (D:1)
  4 orcs (D:3)
  A ball python (D:1)
  6 giant cockroaches
  3 hobgoblins
  4 jackals (D:3)
  6 bats
  2 frilled lizards
  10 goblins
  5 kobolds
  4 rats
49 creatures vanquished.

Vanquished Creatures (others)
  5 toadstools (D:1)
5 creatures vanquished.

Grand Total: 54 creatures vanquished

Notes
Turn   | Place    | Note
-------+----------+-------------------------------------------
     0 | D:1      | Monsterracer the Draconian Wizard began the quest for the Orb.
     0 | D:1      | Reached XP level 1. HP: 14/14 MP: 4/4
   273 | D:1      | Found a shattered altar of Ashenzari.
   336 | D:1      | Reached XP level 2. HP: 20/20 MP: 3/6
   340 | D:1      | Learned a level 2 spell: Blink
  1283 | D:2      | Reached XP level 3. HP: 26/26 MP: 1/7
  1289 | D:2      | Learned a level 3 spell: Conjure Flame
  2196 | D:3      | Reached XP level 4. HP: 33/33 MP: 6/9
  2282 | D:3      | Learned a level 3 spell: Mephitic Cloud
  2468 | D:3      | HP: 9/33 [acid (10)]
  2469 | D:3      | Splashed by a jelly's acid

Skill      XL: |  1  2  3 |
---------------+----------+-----
Dodging        | 2 |  2.3
Stealth        | 2 |  2.3
Conjurations   | 2 |  2.8
Spellcasting   | |  3.3
Summonings     | |  1.0
Translocations | |  1.0

Action                   |  1- 3 |  4- 6 || total
-------------------------+-------+-------++-------
Melee: Short sword       |    29 |     8 ||    37
       Hand axe          |     3 |       ||     3
       Tailslap          |     2 |       ||     2
 Cast: Magic Dart        |    89 |    11 ||   100
  Eat: Chunk             |     4 |     1 ||     5
Armor: Skin              |    16 |     1 ||    17
Dodge: Dodged            |    35 |     7 ||    42

Vault maps used:
D:1:      ldierk_walled_garden, nicolae_ashenzari_panopticon
